 Dungeon Crawl Stone Soup version 0.24-b1-30-g840c9efd86 (webtiles) character file.

Game seed: 13561128146535024185, levelgen mode: deterministic

196 Mesmaeker13 the Magician (level 5, -1/28 HPs)
             Began as a Deep Elf Fire Elementalist on Oct 24, 2019.
             Slain by Edmund
             ... wielding a +1 dire flail of protection
              (8 damage)
             ... on level 4 of the Dungeon.
             The game lasted 00:05:21 (3374 turns).

Mesmaeker13 the Magician (DEFE)                     Turns: 3374, Time: 00:05:22

Health: -1/28      AC:  3    Str:  6    XL:     5   Next: 45%
Magic:  4/13       EV: 14    Int: 20    God:
Gold:   178        SH:  0    Dex: 15    Spells: 10/13 levels left

rFire    + . .     SeeInvis .   d - -2 dagger (curse)
rCold    x . .     Gourm    .   (no shield)
rNeg     . . .     Faith    .   a - +0 robe
rPois    .         Spirit   .   (no helmet)
rElec    .         Reflect  .   o - +0 cloak
rCorr    .         Harm     .   (no gloves)
MR       .....                  (no boots)
Stlth    ++........             (no amulet)
HPRegen  0.09/turn              f - ring of fire
MPRegen  0.13/turn              (no ring)

@: no status effects
A: no striking features
a: no special abilities


You were on level 4 of the Dungeon.
You were not hungry.

You visited 1 branch of the dungeon, and saw 4 of its levels.

You collected 178 gold pieces.

Inventory:

Hand Weapons
 b - a +0 short sword
 d - a cursed -2 dagger (weapon)
Armour
 a - a +0 robe (worn)
 o - a +0 cloak (worn)
Jewellery
 f - a ring of fire (left hand)
Scrolls
 e - a scroll of amnesia {unknown}
 i - 2 scrolls of identify {unknown}
 j - 2 scrolls of teleportation {unknown}
 l - a scroll of fog {unknown}
 n - a scroll of blinking {unknown}
Potions
 g - 2 potions of brilliance {unknown}
 k - a potion of resistance {unknown}
 m - a potion of lignification {unknown}
 p - 2 potions of ambrosia {unknown}
Comestibles
 c - 5 rations


   Skills:
 + Level 4.0 Dodging
 - Level 2.4 Stealth
 + Level 4.6 Spellcasting
 + Level 3.1 Conjurations
 + Level 4.4 Fire Magic


You had 10 spell levels left.
You knew the following spells:

 Your Spells              Type           Power        Failure   Level  Hunger
a - Flame Tongue          Conj/Fire      ####.        2%          1    None
b - Throw Flame           Conj/Fire      ####..       3%          2    #......

Your spell library contained the following spells:

 Spells                   Type           Power        Failure   Level  Hunger
 Conjure Flame            Conj/Fire      ####....     8%          3    ##.....
 Inner Flame              Hex/Fire       ###.....     14%         3    ##.....
 Sticky Flame             Conj/Fire      ####....     26%         4    ####...
 Fireball                 Conj/Fire      ####......   56%         5    ######.


Dungeon Overview and Level Annotations

Branches:
Dungeon (4/15)
 Temple: D:4-7

Altars:
Cheibriados
Elyvilon
Qazlal

Annotations:
D:4 Edmund


Message History

Edmund is moderately wounded.
Edmund barely misses you.
Casting: Flame Tongue (safe; 2% risk of failure)
Confirm with . or Enter, or press ? or * to list all spells.
Aiming: Flame Tongue (safe; 2% risk of failure)
Press: ? - help, Shift-Dir - straight line, f/p - Edmund
Aim: Edmund, wielding a +1 dire flail of protection and wearing a +0 ring mail (moderately wounded)
You feel a surge of power!
The flame tongue hits Edmund!
Edmund is heavily wounded.
Edmund hits you with a +1 dire flail of protection!
* * * LOW HITPOINT WARNING * * *
Casting: Flame Tongue (safe; 2% risk of failure)
Confirm with . or Enter, or press ? or * to list all spells.
Aiming: Flame Tongue (safe; 2% risk of failure)
Press: ? - help, Shift-Dir - straight line, f/p - Edmund
Aim: Edmund, wielding a +1 dire flail of protection and wearing a +0 ring mail (heavily wounded)
You feel a surge of power!
The flame tongue hits Edmund.
Edmund is severely wounded.
Edmund hits you with a +1 dire flail of protection!
You die...

#.....#.#...<...###. ..#
#.....#.#..........( ...#
#.....#.##......##.##...#
#.....#..#......##.......
#......#.................
#........................
###......................
#..(...#.........†..?....
#.##...#........@@.......
.. #...#....<............
. #...#......#.........$
# ..................$....
##......$..............
#...#......#...^.#....
##.##.......[......###
..................## #.Z
...[..........##


You could see Edmund.

Vanquished Creatures
  A scorpion (D:4)
  An orc wizard (D:3)
  A worker ant (D:4)
  3 adders
  5 worms
  A dart slug (D:1)
  4 orcs
  5 giant cockroaches
  A goblin (D:3)
  A hobgoblin (D:2)
  6 kobolds
  2 quokkas (D:2)
  10 bats
  4 frilled lizards
  8 rats
53 creatures vanquished.

Notes
Turn   | Place    | Note
-------+----------+-------------------------------------------
     0 | D:1      | Mesmaeker13 the Deep Elf Fire Elementalist began the quest
                  | for the Orb.
     0 | D:1      | Reached XP level 1. HP: 10/10 MP: 6/6
   373 | D:1      | Reached XP level 2. HP: 15/15 MP: 4/8
  1183 | D:2      | Found a stormy altar of Qazlal.
  1237 | D:2      | Found a white marble altar of Elyvilon.
  1260 | D:2      | Found a snail-covered altar of Cheibriados.
  1446 | D:2      | Reached XP level 3. HP: 19/19 MP: 7/10
  2194 | D:3      | Reached XP level 4. HP: 21/24 MP: 11/11
  2505 | D:3      | Learned a level 2 spell: Throw Flame
  3042 | D:4      | Reached XP level 5. HP: 17/28 MP: 5/13
  3291 | D:4      | Noticed Edmund
  3374 | D:4      | Slain by Edmund

Skill      XL: |  1  2  3  4  5 |
---------------+----------------+-----
Dodging        | 3 4 |  4.0
Conjurations   | 2 3 |  3.1
Spellcasting   | 4 |  4.6
Fire Magic     | 4 |  4.4
Stealth        | |  2.4

Action                   |  1- 3 |  4- 6 || total
-------------------------+-------+-------++-------
Melee: Dagger            |     8 |    28 ||    36
 Cast: Flame Tongue      |    76 |    41 ||   117
       Throw Flame       |       |     4 ||     4
  Eat: Chunk             |     4 |     3 ||     7
Armor: Robe              |     2 |    12 ||    14
Dodge: Dodged            |    27 |    23 ||    50
